 Dungeon Crawl Stone Soup version 0.29-a0-1009-g60c99734e7 (webtiles) character file.

Game seed: 8042057587786084642

7232 drpainis the Unseen (level 10, -7/47 HPs)
             Began as a Spriggan Enchanter on Aug 8, 2022.
             Was a Priest of Dithmenos.
             Mangled by a vampire mosquito (11 damage)
             ... on level 9 of the Dungeon.
             The game lasted 00:29:49 (23407 turns).

drpainis the Unseen (Spriggan Enchanter)           Turns: 23407, Time: 00:29:49

Health: -7/47      AC:  3    Str:  4    XL:     10   Next: 88%
Magic:  20/25      EV: 21    Int: 23    God:    Dithmenos [***...]
Gold:   687        SH:  5    Dex: 20    Spells: 10/29 levels left

rFire   . . .      SeeInvis +   O - +4 dagger (chaos)
rCold   . . .      Faith    .   (no shield)
rNeg    . . .      Spirit   .   b - +0 robe
rPois   .          Reflect  +   (helmet restricted)
rElec   .          Harm     .   z - +0 cloak
rCorr   +          Rampage  .   (gloves unavailable)
Will    +....                   (boots unavailable)
Stlth   +++++++++.              L - amulet of reflection
HPRegen 0.15/turn               x - +6 ring of intelligence
MPRegen 0.19/turn               r - ring of resist corrosion

@: confusing by touch, wreathed by umbra, very quick
A: very small, no large weapons, unfitting armour, see invisible, speed 3
a: Renounce Religion, Shadow Step


You were on level 9 of the Dungeon.
You worshipped Dithmenos.
Dithmenos was most pleased with you.
You visited 2 branches of the dungeon, and saw 11 of its levels.

You collected 687 gold pieces.

Inventory:

Hand Weapons
 a - a +1 dagger
 A - a +1 hammer of holy wrath
 I - a +1 dagger of electrocution
 O - a +4 dagger of chaos (weapon)
Missiles
 m - 13 boomerangs (quivered)
 J - 7 poisoned darts
 Q - 2 throwing nets
Armour
 b - a +0 robe (worn)
 z - a +0 cloak (worn)
 G - the +0 ring mail of the Endless Expanse {Regen+ Dex+2 SInv Stlth-}
   (You found it on level 7 of the Dungeon)

   Dex:       It affects your dexterity (+2).
   SInv:      It lets you see invisible.
   Regen:     It increases your rate of health regeneration.
   Stlth:     It makes you less stealthy.
Magical Staves
 E - a staff of death
Jewellery
 r - a ring of resist corrosion (right hand)
 x - a +6 ring of intelligence (left hand)
 y - a ring of protection from cold
 B - a ring of resist corrosion
 C - a ring of positive energy
 L - an amulet of reflection (around neck)
Wands
 s - a wand of mindburst (18)
 v - a wand of polymorph (8)
 K - a wand of flame (13)
Scrolls
 d - a scroll of vulnerability {unknown}
 e - 2 scrolls of magic mapping
 g - 3 scrolls of noise
 h - a scroll of enchant weapon {unknown}
 i - 4 scrolls of teleportation
 k - a scroll of silence {unknown}
 l - 3 scrolls of enchant armour
 n - 2 scrolls of immolation
 o - a scroll of amnesia {unknown}
 q - 2 scrolls of fear {unknown}
 F - a scroll of butterflies {unknown}
 H - a scroll of identify
Potions
 c - a potion of cancellation {unknown}
 f - a potion of degeneration {unknown}
 j - a potion of flight {unknown}
 p - 2 potions of attraction {unknown}
 t - 3 potions of brilliance
 u - 6 potions of heal wounds
 w - 2 potions of might {unknown}
 D - 2 potions of lignification {unknown}
 M - a potion of haste {unknown}
 P - a potion of magic {unknown}


   Skills:
 + Level 2.3 Fighting
 + Level 5.1 Short Blades
 + Level 6.0 Dodging
 + Level 15.8 Stealth
 + Level 0.3 Shields
 + Level 10.1 Spellcasting
 + Level 0.4 Conjurations
 + Level 8.8 Hexes
 + Level 0.9 Necromancy
 + Level 3.3 Ice Magic


You had 10 spell levels left.
You knew the following spells:

 Your Spells              Type           Power      Damage    Failure   Level
a - Ensorcelled Hibernat  Hex/Ice        78%        N/A       1%          2
b - Confusing Touch       Hex            51%        N/A       1%          3
c - Tukima's Dance        Hex            51%        N/A       1%          3
d - Dazzling Flash        Conj/Hex       66%        N/A       2%          3
e - Anguish               Hex/Necr       17%        N/A       8%          4
f - Cause Fear            Hex            25%        N/A       1%          4

Your spell library contained the following spells:

 Spells                   Type           Power      Damage    Failure   Level
 Inner Flame              Hex/Fire       31%        N/A       2%          3
 Apportation              Tloc           22%        N/A       5%          1
 Gell's Gravitas          Tloc           11%        N/A       17%         3
 Lesser Beckoning         Tloc           11%        N/A       17%         3
 Spider Form              Tmut/Pois      11%        N/A       17%         3
 Teleport Other           Tloc           11%        N/A       17%         3
 Yara's Violent Unravell  Hex/Tmut       15%        3d8       26%         5
 Iskenderun's Mystic Bla  Conj/Tloc      12%        2d5       45%         4
 Enfeeble                 Hex            25%        N/A       77%         7
 Alistair's Intoxication  Tmut/Pois      7%         N/A       83%         5
 Starburst                Conj/Fire      6%         6d4       100%        6
 Discord                  Hex            25%        N/A       100%        8


Dungeon Overview and Level Annotations

Branches:
Dungeon (10/15)            Temple (1/1) D:4             Orc (0/2) D:9
   Lair: D:8-11

Altars:
Ashenzari
Cheibriados
Dithmenos
Elyvilon
Fedhas
Hepliaklqana
Kikubaaqudgha
Makhleb
Nemelex Xobeh
Okawaru
Qazlal
Ru
Sif Muna
Trog
Uskayaw
Vehumet
Wu Jian
Xom
Yredelemnul
Zin
The Shining One

Shops:
D:1 ?   D:2 !   D:3 *

Annotations:
D:9 2 transporters


Innate Abilities, Weirdness & Mutations

You are very small and have problems with some larger weapons.
You are too small for most types of armour.
You have supernaturally acute eyesight. (SInv)
You cover ground extremely quickly. (Speed+++)


Message History

The vampire mosquito buzzes angrily.
You hear an angry buzzing noise.
A vampire mosquito comes into view.
The vampire mosquito misses you. The vampire mosquito bites you!
The vampire mosquito draws strength from your injuries!
The vampire mosquito bites you but does no damage.
The vampire mosquito attacks as you move away!
The vampire mosquito closely misses you.
The vampire mosquito attacks as you move away!
The vampire mosquito closely misses you.
There is a stone staircase leading up, spattered with blood here.
Casting: Cause Fear (dangerous; 1% risk of failure)
Confirm with . or Enter, or press ? or * to list all spells.
Your hands begin to glow red.
The vampire mosquito closely misses you.
The vampire mosquito misses you. The vampire mosquito bites you!
The vampire mosquito draws strength from your injuries!
The vampire mosquito bites you!
The vampire mosquito draws strength from your injuries!
The vampire mosquito completely misses you. x2
You climb upwards.
Level annotation: 2 transporters
There is a stone staircase leading down here.
You feel better. The vampire mosquito bites you!
The vampire mosquito draws strength from your injuries!
The vampire mosquito bites you!
* * * LOW HITPOINT WARNING * * *
The vampire mosquito draws strength from your injuries!
The vampire mosquito misses you.
The vampire mosquito attacks as you move away!
The vampire mosquito misses you.
The vampire mosquito attacks as you move away!
The vampire mosquito bites you.
* * * LOW HITPOINT WARNING * * *
The vampire mosquito draws strength from your injuries!
You block the vampire mosquito's attack.
The vampire mosquito attacks as you move away!
The vampire mosquito bites you!
You die...

.....#..#........#######....#..##
.....#..#...................#..##
.....####...................#....
.................>..........#####
.................................
..[...##.......##............#...
......##.......##...###..........
......##........yy..###..##.)..).
................@..............).
#################################


You could see 2 vampire mosquitoes.

Vanquished Creatures
  Harold (D:9)
  Erica (D:8)
  Pikel (D:7)
  Maurice (D:8)
  Joseph (D:7)
  A hornet (D:8)
  Grum (D:8)
  6 yaks
  2 steam dragons (D:7)
  4 orc warriors
  A black bear (D:8)
  2 ice beasts
  An ogre (D:6)
  3 wolves (D:8)
  2 phantoms
  A kobold brigand (D:7)
  A necrophage (D:6)
  Blork the orc (D:4)
  A bullfrog (D:6)
  2 scorpions
  7 wights
  3 killer bees (D:8)
  3 howler monkeys (D:9)
  A jelly (D:6)
  A hound (D:7)
  Crazy Yiuf (D:4)
  8 orc priests
  7 iguanas
  7 orc wizards
  A mummy (D:5)
  Robin (D:4)
  11 gnolls
  6 adders
  4 shadow imps
  A white imp (D:6)
  3 worms
  2 dart slugs
  25 orcs
  A bat (D:2)
  7 endoplasms
  3 giant cockroaches
  12 goblins
  14 hobgoblins
  4 jackals (D:3)
  7 quokkas
  5 ball pythons
  4 frilled lizards
  15 kobolds
  A kobold zombie (D:5)
  An orc zombie (D:5)
  5 rats
205 creatures vanquished.

Vanquished Creatures (collateral kills)
  A centaur (D:5)
  A wight (D:6)
2 creatures vanquished.

Vanquished Creatures (others)
  3 dancing weapons
  A yak (D:8)
  A gnoll sergeant (D:8)
5 creatures vanquished.

Grand Total: 212 creatures vanquished

Notes
Turn   | Place    | Note
-------+----------+-------------------------------------------
     0 | D:1      | drpainis the Spriggan Enchanter began the quest for the
                  | Orb.
     0 | D:1      | Reached XP level 1. HP: 9/9 MP: 5/5
   500 | D:1      | Found Wixo's Magic Scroll Boutique.
  1305 | D:1      | Reached XP level 2. HP: 9/13 MP: 6/6
  1421 | D:1      | Learned a level 2 spell: Ensorcelled Hibernation
  2600 | D:2      | Reached XP level 3. HP: 13/17 MP: 8/8
  2990 | D:2      | Found Dyl Zisa's Distillery.
  3165 | D:2      | Reached skill level 5 in Stealth
  3911 | D:3      | Found a faded altar of an unknown god.
  4138 | D:3      | Found a broken altar of Ashenzari.
  4179 | D:3      | Found a shimmering altar of Xom.
  4180 | D:3      | Found a hazy altar of Hepliaklqana.
  4182 | D:3      | Noticed a spectral ugly thing
  4998 | D:2      | Reached XP level 4. HP: 10/21 MP: 0/9
  5339 | D:3      | Learned a level 3 spell: Confusing Touch
  5343 | D:3      | Learned a level 3 spell: Tukima's Dance
  5727 | D:3      | Found Wigaihox's General Store.
  6794 | D:4      | Found a stormy altar of Qazlal.
  7921 | D:4      | Reached XP level 5. HP: 25/25 MP: 8/11
  7924 | D:4      | Reached skill level 6 in Stealth
  7930 | D:4      | Reached skill level 1 in Ice Magic
  8609 | D:4      | Found a staircase to the Ecumenical Temple.
  8625 | Temple   | Entered the Ecumenical Temple
  8631 | Temple   | Became a worshipper of Dithmenos the Shadowed
  8791 | D:4      | Noticed Robin
  8804 | D:4      | Killed Robin
  9097 | D:4      | Noticed Blork the orc
  9112 | D:4      | Killed Blork the orc
  9113 | D:4      | Reached skill level 1 in Fighting
  9113 | D:4      | Reached XP level 6. HP: 16/30 MP: 7/12
  9556 | D:4      | Found a runed translucent door.
  9557 | D:4      | Noticed Crazy Yiuf
  9599 | D:4      | Found an iron altar of Okawaru.
 10544 | D:4      | Killed Crazy Yiuf
 10983 | D:5      | Entered Level 5 of the Dungeon
 11002 | D:5      | Reached skill level 7 in Stealth
 11002 | D:5      | Reached skill level 5 in Hexes
 11003 | D:5      | Noticed an ice beast
 11312 | D:5      | Killed an ice beast
 11313 | D:5      | Reached XP level 7. HP: 33/33 MP: 11/15
 11399 | D:5      | Reached * piety under Dithmenos
 11647 | D:5      | Found a basalt altar of Yredelemnul.
 11774 | D:5      | Reached skill level 5 in Spellcasting
 12209 | D:5      | Reached skill level 8 in Stealth
 12888 | D:5      | Found a shimmering blue altar of Sif Muna.
 13865 | D:6      | Reached XP level 8. HP: 29/37 MP: 12/17
 14075 | D:6      | Reached skill level 9 in Stealth
 16913 | D:7      | Noticed Pikel
 16919 | D:7      | Killed Pikel
 16920 | D:7      | Reached skill level 5 in Dodging
 16920 | D:7      | Reached skill level 10 in Stealth
 16968 | D:7      | Identified the +0 ring mail of the Endless Expanse {Regen+
                  | Dex+2 SInv Stlth-}
 17032 | D:7      | Reached XP level 9. HP: 42/42 MP: 20/20
 17051 | D:7      | Found a radiant altar of Vehumet.
 17062 | D:7      | Reached skill level 11 in Stealth
 17383 | D:7      | Reached ** piety under Dithmenos
 18080 | D:7      | Noticed Joseph
 18083 | D:7      | Killed Joseph
 18084 | D:7      | Reached skill level 12 in Stealth
 18782 | D:8      | Learned a level 3 spell: Dazzling Flash
 18787 | D:8      | Learned a level 4 spell: Anguish
 19317 | D:8      | Noticed Maurice
 19320 | D:8      | Killed Maurice
 19321 | D:8      | Reached skill level 13 in Stealth
 19707 | D:8      | Noticed Erica
 20010 | D:8      | Noticed Grum
 20018 | D:8      | Reached XP level 10. HP: 46/46 MP: 23/23
 20047 | D:8      | Killed Grum
 20413 | D:8      | Killed Erica
 20459 | D:8      | Reached skill level 14 in Stealth
 21466 | D:9      | Found a transporter.
 21573 | D:9      | Found an ornate altar of the Wu Jian Council.
 21597 | D:9      | Reached skill level 15 in Stealth
 21718 | D:9      | Found a staircase to the Orcish Mines.
 21862 | D:9      | Found a burning altar of Makhleb.
 21863 | D:9      | Found a transporter.
 21912 | D:9      | Reached skill level 5 in Short Blades
 21915 | D:9      | Noticed Harold
 21926 | D:9      | Reached *** piety under Dithmenos
 22284 | D:9      | Killed Harold
 22285 | D:9      | Reached skill level 10 in Spellcasting
 22816 | D:10     | Entered Level 10 of the Dungeon
 23182 | D:9      | Learned a level 4 spell: Cause Fear
 23407 | D:9      | Mangled by a vampire mosquito

Illustrated notes

Levels and vault maps discovered:
D:1:      lemuel_arrival_cross, layout_loops_corners, serial_shops,
          nicolae_shop_crystal, minmay_box_of_dots
D:2:      layout_basic, serial_shops, nicolae_shop_hallway_plus
D:3:      layout_loops_ring, regret_index_temple_of_mockery,
          nicolae_overflow_ecumenical_swirl, serial_shops,
          nicolae_shop_hallway_plus, chequers_serial_rivers_micro_d,
          kennysheep_donut
D:4:      layout_loops_corners, nicolae_qazlal_general_emergency,
          okawaru_altar_gauntlet_db, minmay_temple_entry_wispy, uniq_robin,
          uniq_crazy_yiuf_cottage, uniq_blork_the_orc
D:5:      layout_basic, lemuel_blue_sif_altar, amcnicky_altar_gilded,
          nicolae_ossuary_entry_giza
D:6:      layout_basic, serial_park_tiny_1, minmay_misc_feat_plants
D:7:      layout_loops_ring, mainiacjoe_overflow_surrounded_room, uniq_joseph,
          uniq_pikel
D:8:      layout_loops_corners, minivault_1, uniq_grum, uniq_erica, uniq_maurice
D:9:      gammafunk_beogh_shrine, layout_stronghold,
          mainiacjoe_overflow_alcove_1, nzn_wu_jian_council_hall, orc_0_dummy,
          roderic_roman_lattice, uniq_harold
D:10:     layout_gridville, nicolae_gozag_zags_fifth_avenue, uniq_psyche
Temple:   hellmonk_temple_of_storms

Skill      XL: |  1  2  3  4  5  6  7  8  9 10 |
---------------+-------------------------------+-----
Hexes          | 4 5 6 7 8 |  8.8
Spellcasting   | 3 4 5 7 8 10 | 10.1
Stealth        | 5 6 7 8 10 13 15 | 15.8
Dodging        | 3 4 5 6 |  6.0
Ice Magic      | 1 2 3 |  3.3
Short Blades   | 2 3 4 5 |  5.1
Fighting       | 1 2 |  2.3
Shields        | |  0.3
Conjurations   | |  0.4
Necromancy     | |  0.9

Action                   |  1- 3 |  4- 6 |  7- 9 | 10-12 || total
-------------------------+-------+-------+-------+-------++-------
Melee: Dagger            |   101 |   139 |   250 |    84 ||   574
       Punch             |     1 |     1 |     3 |     1 ||     6
 Cast: Ensorcelled Hiber |    25 |    55 |    36 |    19 ||   135
       Tukima's Dance    |       |     3 |     8 |     2 ||    13
       Confusing Touch   |       |     2 |    27 |     8 ||    37
       Anguish           |       |       |     2 |     6 ||     8
       Dazzling Flash    |       |       |     1 |     7 ||     8
       Cause Fear        |       |       |       |     3 ||     3
  Use: Scroll            |     1 |       |     6 |     4 ||    11
       Potion            |       |     2 |     5 |     1 ||     8
 Stab: Sleeping          |    23 |    40 |    45 |    20 ||   128
       Invisible         |       |     3 |       |     3 ||     6
       Confused          |       |     2 |    17 |     2 ||    21
       Distracted        |       |       |     1 |     1 ||     2
       Fleeing           |       |       |       |     1 ||     1
       Petrifying        |       |       |       |     1 ||     1
Armor: Robe              |    12 |     6 |    14 |     2 ||    34
Dodge: Dodged            |    70 |   130 |   172 |    75 ||   447
Block: Other             |       |       |       |     9 ||     9

Table legend: (Time is in decaauts)
 A = Elapsed time spent in this place.
 B = Non-inter-level travel time spent in this place.
 C = Inter-level travel time spent in this place.
 D = Time resting spent in this place.
 E = Time spent auto-exploring this place.
 F = Levels seen in this place.
 G = Mean time per level.
                   A        B        C        D        E       F      G
               +--------+--------+--------+--------+--------+-----+--------+
         Total |  19921 |  19524 |    397 |  13530 |   3825 |  11 | 1811.0 |
       Dungeon |  19890 |  19495 |    395 |  13530 |   3809 |  10 | 1989.0 |
        Temple |     31 |     30 |      1 |      0 |     16 |   1 |   31.0 |
               +--------+--------+--------+--------+--------+-----+--------+

Top non-repeatable levels by time:
     D:4: 2964 daAuts
     D:5: 2932 daAuts
     D:3: 2671 daAuts
     D:2: 2472 daAuts
     D:8: 2430 daAuts
     D:6: 1947 daAuts
     D:9: 1594 daAuts
     D:1: 1434 daAuts
     D:7: 1206 daAuts
    D:10: 234 daAuts
  Temple: 31 daAuts
